Map: Abiogenesis LE

Players

Zanster - Winner!

  • Race: Zerg Zerg
  • Spawn Location: 11:00

Chendar

  • Race: Zerg Zerg
  • Spawn Location: 5:00

Event: WCS Leipzig 2018

VOD

Have the link to the VOD?

Description

Time

  • Played on: Jan. 26, 2018, 6:33 a.m.
  • Length: 7:07

All games in this series

Show
View Real Time Build Order
Export as new Build Order

Zanster Zerg - Winner!

Build Orders: Pool First 

Get SALT Encoding   

  12  0:00  Drone  
  13  0:11  Drone  
  14  0:18  Drone, Extractor  
  15  0:22  Overlord  
  15  0:39  Spawning Pool  
  15  0:41  Drone  
  15  0:45  Drone  
  15  0:48  Drone  
  17  0:55  Drone  
  18  1:13  Hatchery  
  18  1:15  Extractor  
  16  1:26  Zergling x4  
  16  1:27  Zergling x2  
  19  1:33  Queen  
  19  1:38  Zergling x2  
  22  1:48  Overlord  
  20  2:03  Zergling x2  
  21  2:10  Drone, Queen  
  24  2:23  Drone  
  24  2:24  Metabolic Boost  
  24  2:28  Drone  
  25  2:33  Drone  
  25  2:35  Drone  
  26  2:38  Baneling Nest  
  26  2:43  Drone  
  26  2:44  Drone  
  26  2:46  Drone  
  26  2:49  Drone  
  29  2:52  Drone  
  29  2:57  Overlord  
  30  3:00  Drone  
  32  3:06  Drone  
  32  3:09  Drone  
  34  3:18  Drone  
  34  3:19  Drone x6  
  41  3:25  Overlord  
  40  3:36  Drone, Hatchery  
  40  3:43  Overlord  
  40  3:48  Zergling x2  
  40  3:49  Zergling x6  
  44  3:56  Evolution Chamber  
  44  3:57  Zergling x2  
  44  4:02  Roach Warren  
  43  4:03  Drone  
  43  4:04  Drone x4  
  43  4:09  Lair  
  48  4:11  Drone  
  48  4:15  Drone, Extractor  
  49  4:17  Extractor  
  49  4:19  Drone  
  49  4:21  Drone x2  
  49  4:22  Drone  
  52  4:26  Overlord  
  52  4:29  Overlord  
  52  4:31  Zerg Missile Weapons Level 1  
  52  4:42  Overlord  
  51  4:56  Drone x6  
  51  4:57  Queen  
  51  4:59  Drone x4  
  63  5:01  Roach x2  
  63  5:02  Roach  
  63  5:06  Roach  
  69  5:09  Roach  
  69  5:10  Roach  
  69  5:11  Roach  
  75  5:20  Glial Reconstitution  
  74  5:21  Overlord  
  74  5:28  Extractor, Roach x2  
  74  5:30  Roach  
  74  5:31  Roach  
  74  5:33  Roach  
  82  5:36  Overlord x2  
  82  5:39  Roach x2  
  82  5:41  Roach  
  88  5:43  Roach  
  88  5:46  Overseer  
  88  5:48  Overlord  
  90  5:54  Roach x3  
  96  6:00  Roach x2  
  100  6:04  Roach  
  100  6:05  Roach x2  
  100  6:06  Roach  
  100  6:07  Roach  
  100  6:08  Overlord  
  110  6:12  Roach x2  
  110  6:16  Overlord  
  110  6:17  Overlord  
  114  6:28  Drone x5  
  114  6:30  Drone  
  114  6:32  Drone  
  121  6:40  Roach x4  
  121  6:41  Extractor  
  121  6:43  Overlord  
  121  6:44  Drone  
Show
View Real Time Build Order
Export as new Build Order

Chendar Zerg 

Build Orders: Pool First 

Get SALT Encoding   

  12  0:17  Spawning Pool  
  11  0:22  Drone  
  11  0:27  Drone  
  13  0:31  Drone  
  14  0:42  Overlord  
  14  1:04  Zergling x4  
  16  1:05  Zergling x2  
  17  1:15  Zergling x2  
  18  1:19  Hatchery  
  17  1:26  Zergling x2  
  18  1:35  Queen  
  18  1:39  Drone  
  21  1:49  Overlord  
  19  2:02  Drone  
  20  2:09  Spine Crawler, Drone  
  20  2:15  Queen  
  22  2:25  Drone  
  23  2:34  Drone x2  
  22  2:41  Queen  
  22  2:42  Drone  
  25  2:47  Drone  
  25  2:49  Drone  
  27  2:51  Drone  
  27  2:56  Drone  
  30  2:58  Drone  
  30  3:01  Drone  
  31  3:09  Drone x2  
  33  3:14  Drone x3  
  36  3:22  Overlord  
  36  3:29  Overlord  
  36  3:30  Overlord  
  36  3:43  Drone x4  
  36  3:44  Drone x2  
  36  3:46  Extractor x2  
  40  3:53  Drone x4  
  40  3:54  Drone  
  45  4:01  Drone  
  46  4:07  Hatchery  
  45  4:11  Roach Warren  
  45  4:13  Zergling x2  
  45  4:14  Zergling x2  
  47  4:17  Drone  
  47  4:24  Overlord  
  47  4:30  Lair  
  47  4:37  Overlord  
  47  4:45  Overlord  
  47  4:46  Overlord x2  
  47  4:57  Roach x4  
  55  5:03  Drone x5  
  55  5:04  Drone, Extractor x2  
  57  5:10  Hatchery  
  57  5:11  Drone x2  
  58  5:21  Drone x2  
  60  5:23  Evolution Chamber  
  60  5:27  Evolution Chamber  
  58  5:30  Glial Reconstitution  
  58  5:35  Drone x4  
  62  5:40  Drone  
  63  5:46  Drone x3  
  63  5:47  Drone  
  67  5:50  Overlord  
  67  5:53  Drone  
  68  5:59  Drone  
  68  6:00  Drone x3  
  72  6:06  Drone  
  72  6:11  Drone  
  74  6:14  Drone  
  74  6:15  Drone x2  
  74  6:16  Overlord  
  77  6:20  Overlord  
  77  6:22  Queen  
  77  6:24  Roach  
  81  6:30  Roach x4  
  89  6:34  Roach  
  89  6:37  Roach x2  
  95  6:46  Roach x5  
Tags
 
Add a new tag
Caveats
  • Supply blocks, unpowered buildings, or Contaminate may cause inaccurate times.
  • Supply counts are checked every 10 seconds.